 Dungeon Crawl Stone Soup version 0.28.0-53-g5a82cb258f (webtiles) character file.

Game seed: 16380991713308040214

7 eooof the Conjurer (level 1, -4/14 HPs)
             Began as a Demigod Conjurer on June 29, 2022.
             Slain by a gnoll
             ... wielding a +0 whip
              (6 damage)
             ... on level 2 of the Dungeon.
             The game lasted 00:02:23 (456 turns).

eooof the Conjurer (Demigod Conjurer)                Turns: 456, Time: 00:02:23

Health: -4/14      AC:  5    Str:  8    XL:     1   Next: 73%
Magic:  5/5        EV: 11    Int: 20    God:
Gold:   44         SH:  0    Dex: 12    Spells: 3/4 levels left

rFire   + . .      SeeInvis .   d - +0 dagger
rCold   . . .      Faith    .   (no shield)
rNeg    . . .      Spirit   .   c - +2 leather armour {rF+}
rPois   .          Reflect  .   (no helmet)
rElec   .          Harm     .   (no cloak)
rCorr   .          Rampage  .   (no gloves)
Will    .....                   (no boots)
Stlth   ++........              (no amulet)
HPRegen 0.04/turn               (no ring)
MPRegen 0.09/turn               (no ring)

@: no status effects
A: high MP 1, forlorn, divine attributes
a: no special abilities


You were on level 2 of the Dungeon.
You visited 1 branch of the dungeon, and saw 2 of its levels.

You collected 44 gold pieces.

Inventory:

Hand Weapons
 d - a +0 dagger (weapon)
Armour
 a - a +0 robe
 c - a +2 leather armour of fire resistance (worn)
Scrolls
 b - 3 scrolls of identify


   Skills:
 - Level 1.8 Dodging
 - Level 1.9 Stealth
 + Level 2.0 Spellcasting
 * Level 3.8 Conjurations


You had 3 spell levels left.
You knew the following spells:

 Your Spells              Type           Power      Damage    Failure   Level
a - Magic Dart            Conj           68%        1d6       4%          1

Your spell library contained the following spells:

 Spells                   Type           Power      Damage    Failure   Level
 Searing Ray              Conj           34%        2d5       8%          2
 Dazzling Flash           Conj/Hex       18%        N/A       32%         3
 Fulminant Prism          Conj/Hex       4%         3d6       71%         4
 Iskenderun's Mystic Bla  Conj/Tloc      9%         2d4       71%         4


Dungeon Overview and Level Annotations

Branches:
Dungeon (2/15)


Innate Abilities, Weirdness & Mutations

You have an increased reservoir of magic. (+10% MP)
You shall have no god before yourself.
Your divine heritage dramatically boosts your attributes as you level up.


Message History

The jackal bites you but does no damage.
You hit the jackal but do no damage.
The jackal is almost dead.
The jackal bites you but does no damage. x2
The bat hits you but does no damage. The jackal closely misses you.
The jackal bites you but does no damage.
You barely miss the jackal.
The jackal is almost dead.
The bat hits you but does no damage. The jackal bites you. x2
You closely miss the jackal.
The jackal is almost dead.
The bat hits you but does no damage. The jackal barely misses you.
The jackal misses you. The jackal closely misses you.
You completely miss the jackal.
The jackal is almost dead.
The jackal barely misses you. The bat barely misses you.
The jackal barely misses you.
The jackal bites you but does no damage.
The bat hits you.
* * * LOW HITPOINT WARNING * * *
You can't go down here!
Unknown command.
You can't go up here!
The bat barely misses you. The jackal completely misses you.
Found a stone staircase leading down.
The bat misses you. The bat misses you. The bat hits you.
* * * LOW HITPOINT WARNING * * *
2 gnolls come into view.
Found a faded altar of an unknown god.
The gnoll shouts!
The bat hits you.
* * * LOW HITPOINT WARNING * * *
A gnoll comes into view. It is wielding a +0 whip.
The gnoll shouts! x2
The bat closely misses you.
The jackal bites you but does no damage.
There is a stone staircase leading down here.
The jackal bites you but does no damage.
The gnoll hits you with a +0 whip.
You die...

#...?.## ####..#.
##.....# ...#.#
#.####..##.#
####..## #
#......g.#.##...# .#
######..g#.#⌠...#..#
.##........_....
#......hbg....#.##
######..hhgg......
##.# #####@..####
...# ##### #### ..#
..# ..# ..##
########### ...


You could see 3 gnolls, 3 jackals, a hobgoblin, a goblin and a bat.

Vanquished Creatures
  A dart slug (D:1)
  3 bats (D:1)
  A hobgoblin (D:2)
  A goblin (D:1)
6 creatures vanquished.

Notes
Turn   | Place    | Note
-------+----------+-------------------------------------------
     0 | D:1      | eooof the Demigod Conjurer began the quest for the Orb.
     0 | D:1      | Reached XP level 1. HP: 14/14 MP: 5/5
   456 | D:2      | Slain by a gnoll

Illustrated notes

Levels and vault maps discovered:
D:1:      minmay_arrival_semitransparent, layout_rooms
D:2:      layout_loops_ring, basic_altar, ebering_ecumenical_altar_abandoned,
          uniq_sigmund

Skill      XL: |  1 |
---------------+----+-----
Spellcasting   | 2 |  2.0
Dodging        | |  1.8
Stealth        | |  1.9
Conjurations   | |  3.8

Action                   || total
-------------------------++-------
Melee: Dagger            ||    10
       Unarmed           ||     3
       Punch             ||     1
 Cast: Magic Dart        ||     6
  Use: Scroll            ||     3
       Potion            ||     1
Armor: Leather armour    ||    17
Dodge: Dodged            ||    20
